 Dungeon Crawl Stone Soup version 0.26.0-16-gc1dbca0489 (webtiles) character file.

Game seed: 11808793305976645342

166 dolemite99 the Poker (level 5, -4/38 HPs)
             Began as a Demonspawn Gladiator on Jan 19, 2021.
             Killed from afar by a white imp (13 damage)
             ... with a puff of frost
             ... summoned by Eustachio
             ... on level 4 of the Dungeon.
             The game lasted 00:05:02 (4082 turns).

dolemite99 the Poker (Demonspawn Gladiator)         Turns: 4082, Time: 00:05:03

Health: -4/38      AC:  6    Str: 15    XL:     5   Next: 22%
Magic:  5/5        EV: 12    Int:  9    God:
Gold:   194        SH:  0    Dex: 15    Spells: 4/4 levels left

rFire    . . .     SeeInvis .   u - +2 dagger (venom)
rCold    . . .     Faith    .   (no shield)
rNeg     . . .     Spirit   .   y - +0 ring mail (curse)
rPois    .         Reflect  .   c - +0 helmet
rElec    .         Harm     .   A - scarf {+Inv}
rCorr    .         Rampage  .   (no gloves)
Will     .....                  (no boots)
Stlth    +.........             (no amulet)
HPRegen  0.12/turn              (no ring)
MPRegen  0.09/turn              (no ring)

@: no status effects
A: talons 2, powered by pain 1
a: Evoke Invisibility


You were on level 4 of the Dungeon.
You visited 1 branch of the dungeon, and saw 4 of its levels.

You collected 194 gold pieces.

Inventory:

Hand Weapons
 a - a +0 trident
 b - a +0 hunting sling of flaming
 u - a +2 dagger of venom (weapon)
 z - a +2 vampiric dagger
Missiles
 d - 3 throwing nets (quivered)
 f - a sling bullet
 h - 192 stones
 x - 11 arrows
Armour
 c - a +0 helmet (worn)
 e - a +0 ring mail
 t - a +0 leather armour
 y - a cursed +0 ring mail (worn)
 A - a scarf of invisibility (worn)
Jewellery
 k - an uncursed ring of flight {unknown}
Wands
 v - a wand of paralysis (6)
 w - a wand of random effects (3)
Scrolls
 g - 3 scrolls of identify {@r1}
 i - a scroll of amnesia {unknown}
 l - a scroll of fog {unknown}
 m - a scroll of random uselessness {unknown}
 p - 2 scrolls of blinking {unknown}
 r - 2 scrolls of remove curse {unknown}
 s - a scroll of enchant armour {unknown}
Potions
 j - a potion of might {unknown}
 o - a potion of lignification {unknown}
 q - a potion of mutation {unknown}


   Skills:
 - Level 2.0 Fighting
 + Level 5.4 Polearms
 - Level 1.7 Throwing
 - Level 2.6 Dodging


You had 4 spell levels left.
You didn't know any spells.
Your spell library was empty.

Dungeon Overview and Level Annotations

Branches:
Dungeon (4/15)
 Temple: D:4-7

Altars:
Xom
The Shining One

Annotations:
D:4 Eustachio


Innate Abilities, Weirdness & Mutations

You have razor-sharp toenails.
You sometimes gain a little power by taking damage.


Message History

The white imp gestures at you. The puff of frost misses you.
Eustachio hits you with a +0 rapier.
* * * LOW HITPOINT WARNING * * *
It was a potion of curing.
You feel better.
The crimson imp hits you but does no damage.
The white imp hits you but does no damage.
The crimson imp hits you.
* * * LOW HITPOINT WARNING * * *
Eustachio barely misses you.
You feel better. The crimson imp hits you.
The white imp hits you but does no damage.
The crimson imp barely misses you. Eustachio hits you with a +0 rapier.
* * * LOW HITPOINT WARNING * * *
You hit Eustachio but do no damage.
Eustachio looks as sick as possible!
Eustachio is severely wounded.
The crimson imp hits you.
* * * LOW HITPOINT WARNING * * *
The white imp gestures at you. The puff of frost hits you!
You die...

##### ##...# ....+ #.#
#...####..
########.##+#5........
.........#((.(@@.(##
#.........#...5.5..<#
#.........#.........#
#.........#.........#
#.........#........##
#.........'..........
#........##........###
#........+.#+#######
#........#. ##########


You could see Eustachio (extremely poisoned), 2 crimson imps and a white imp
(summoned).

Vanquished Creatures
  A hound (D:3)
  Robin (D:2)
  3 adders
  2 oozes
  3 worms
  5 leopard geckos
  An orc (D:3)
  2 giant cockroaches (D:1)
  21 goblins
  11 hobgoblins
  2 jackals (D:1)
  4 kobolds (D:3)
  2 ball pythons
  7 bats
  4 frilled lizards
  5 rats
74 creatures vanquished.

Notes
Turn   | Place    | Note
-------+----------+-------------------------------------------
     0 | D:1      | dolemite99 the Demonspawn Gladiator began the quest for the
                  | Orb.
     0 | D:1      | Reached XP level 1. HP: 16/16 MP: 1/1
    38 | D:1      | Reached skill level 3 in Polearms
   149 | D:1      | Gained mutation: You have sharp toenails. [demonic
                  | ancestry]
   149 | D:1      | Reached XP level 2. HP: 22/22 MP: 2/2
   712 | D:2      | Reached XP level 3. HP: 22/27 MP: 3/3
   828 | D:2      | Noticed Robin
   832 | D:2      | Reached skill level 4 in Polearms
   840 | D:2      | Killed Robin
  1268 | D:2      | Gained mutation: You have razor-sharp toenails. [demonic
                  | ancestry]
  1268 | D:2      | Reached XP level 4. HP: 19/33 MP: 4/4
  3249 | D:3      | Found a shimmering altar of Xom.
  3386 | D:3      | Reached skill level 5 in Polearms
  3834 | D:3      | Found a glowing golden altar of the Shining One.
  3885 | D:3      | Gained mutation: You sometimes gain a little power by
                  | taking damage. [demonic ancestry]
  3885 | D:3      | Reached XP level 5. HP: 38/38 MP: 5/5
  4059 | D:4      | Noticed Eustachio
  4082 | D:4      | Killed from afar by a white imp

Illustrated notes

Levels and vault maps discovered:
D:1:      wander_arrival_fairy_ring, layout_loops_ring
D:2:      layout_basic, minmay_strange_pillars, uniq_robin
D:3:      cheibrodos_greedy_goblins, layout_rooms, xom_butterflies,
          tso_metal_star
D:4:      layout_basic, minmay_manual_mess, uniq_pikel, uniq_eustachio

Skill      XL: |  1  2  3  4 |
---------------+-------------+-----
Polearms       | 3 4 5 |  5.4
Fighting       | |  2.0
Throwing       | |  1.7
Dodging        | |  2.6

Action                   |  1- 3 |  4- 6 || total
-------------------------+-------+-------++-------
Melee: Trident           |    99 |    19 ||   118
       Kick              |    21 |    12 ||    33
       Dagger            |       |     9 ||     9
 Fire: Hunting sling     |       |    86 ||    86
  Use: Scroll            |     1 |       ||     1
       Potion            |     1 |     2 ||     3
Armor: Ring mail         |    46 |    35 ||    81
       Leather armour    |     4 |       ||     4
Dodge: Dodged            |    60 |    60 ||   120
